 Dungeon Crawl Stone Soup version 0.28-a0-429-g1448048969 (webtiles) character file.

Game seed: 16182708107075495165

4361 quinnr the Destroyer (level 10, -10/60 HPs)
             Began as an Octopode Conjurer on Sept 10, 2021.
             Was an Initiate of Vehumet.
             Shot with an arrow by a centaur warrior (38 damage)
             ... on level 8 of the Dungeon.
             The game lasted 00:25:20 (11542 turns).

quinnr the Destroyer (Octopode Conjurer)           Turns: 11542, Time: 00:25:20

Health: -10/60     AC:  1    Str:  7    XL:     10   Next: 34%
Magic:  15/17      EV: 15    Int: 24    God:    Vehumet [......]
Gold:   57         SH:  0    Dex: 10    Spells: 9/19 levels left

rFire   + . .      SeeInvis .   (no weapon)
rCold   + . .      Faith    .   (no shield)
rNeg    . . .      Spirit   .   (helmet restricted)
rPois   .          Reflect  .   (no amulet)
rElec   .          Harm     .   d - ring of resist corrosion
rCorr   +          Rampage  .   j - ring of protection from cold
Will    .....                   r - ring of flight
Stlth   ++++......              v - ring of protection from fire
HPRegen 0.20/turn               (no ring)
MPRegen 0.15/turn               (no ring)
                                (no ring)
                                (no ring)

@: flying
A: almost no armour, amphibious, 8 rings, camouflage 1, gelatinous body 1,
(nimble swimmer 1), tentacles
a: Renounce Religion


You were on level 8 of the Dungeon.
You worshipped Vehumet.
Vehumet was noncommittal.
You visited 2 branches of the dungeon, and saw 10 of its levels.

You collected 407 gold pieces.
You spent 350 gold pieces at shops.

Inventory:

Missiles
 g - a throwing net
Jewellery
 d - a ring of resist corrosion (left tentacle)
 j - a ring of protection from cold (right tentacle)
 r - a ring of flight (on tentacle)
 v - a ring of protection from fire (on tentacle)
 A - a ring of magical power
Wands
 x - a wand of flame (51)
 y - a wand of iceblast (2)
Scrolls
 b - a scroll of blinking {unknown}
 c - a scroll of magic mapping {unknown}
 h - 3 scrolls of fear {unknown}
 k - a scroll of brand weapon {unknown}
 n - a scroll of enchant weapon {unknown}
 o - 2 scrolls of teleportation {unknown}
 p - a scroll of immolation {unknown}
 q - 2 scrolls of identify
 t - a scroll of fog {unknown}
 w - 2 scrolls of vulnerability {unknown}
Potions
 a - a potion of resistance {unknown}
 e - 4 potions of heal wounds
 f - 2 potions of flight
 i - 4 potions of curing
 m - a potion of attraction
 s - a potion of haste {unknown}
 u - 2 potions of invisibility {unknown}
 z - a potion of cancellation {unknown}


   Skills:
 - Level 2.0 Fighting
 + Level 8.0 Dodging
 - Level 6.0 Stealth
 - Level 5.0 Spellcasting
 + Level 8.9 Conjurations
 - Level 3.0 Hexes
 - Level 5.0 Fire Magic
 - Level 4.0 Evocations


You had 9 spell levels left.
You knew the following spells:

 Your Spells              Type           Power      Damage    Failure   Level
a - Magic Dart            Conj           100%       1d8       1%          1
b - Conjure Flame         Conj/Fire      39%        6-21      1%          3
c - Foxfire               Conj/Fire      100%       2x1d9     1%          1
d - Dazzling Flash        Conj/Hex       68%        N/A       2%          3
e - Searing Ray           Conj           96%        2d7       1%          2

Your spell library contained the following spells:

 Spells                   Type           Power      Damage    Failure   Level
 Inner Flame              Hex/Fire       25%        N/A       4%          3
 Flame Wave               Conj/Fire      39%        3d8       4%          4
 Tukima's Dance           Hex            20%        N/A       8%          3
 Fulminant Prism          Conj/Hex       17%        3d11      8%          4
 Beastly Appendage        Tmut           12%        N/A       9%          1
 Freeze                   Ice            24%        1d5       9%          1
 Sublimation of Blood     Necr           3%         N/A       13%         2
 Wereblood                Tmut           6%         N/A       13%         2
 Hailstorm                Conj/Ice       27%        3d7       14%         4
 Iskenderun's Mystic Bla  Conj/Tloc      27%        2d7       14%         4
 Frozen Ramparts          Ice            12%        1d3       26%         3
 Gell's Gravitas          Tloc           3%         N/A       26%         3
 Lesser Beckoning         Tloc           6%         N/A       26%         3
 Spider Form              Tmut/Pois      3%         N/A       26%         3
 Teleport Other           Tloc           6%         N/A       26%         3
 Irradiate                Conj/Tmut      13%        3d18      36%         5
 Passage of Golubria      Tloc           N/A        N/A       65%         4
 Petrify                  Tmut/Erth      6%         N/A       65%         4
 Yara's Violent Unravell  Hex/Tmut       6%         3d5       78%         5


Dungeon Overview and Level Annotations

Branches:
Dungeon (9/15)             Temple (1/1) D:7            Lair (0/6) D:8
    Orc: D:9-12

Altars:
Ashenzari
Cheibriados
Dithmenos
Elyvilon
Fedhas
Gozag
Hepliaklqana
Kikubaaqudgha
Makhleb
Nemelex Xobeh
Okawaru
Qazlal
Ru
Sif Muna
Trog
Uskayaw
Vehumet
Wu Jian
Xom
Yredelemnul
Zin
The Shining One

Shops:
D:1 *   D:5 *(*?   D:8 =

Annotations:
D:3 2 transporters


Innate Abilities, Weirdness & Mutations

You cannot wear most types of armour.
You are amphibious.
You can wear up to eight rings at the same time.
Your skin changes colour to match your surroundings (Stealth+).
Your rubbery body absorbs attacks. (AC +1, EV +1)
((You are camouflaged near water. (Stealth+)))
You have tentacles for arms and can constrict up to eight enemies at once.


Message History

Unknown command.
Unknown command.
Aiming: Corrosive Bolt
Press: ? - help, Shift-Dir - straight line, f - centaur warrior
Aim: a centaur warrior, quivering arrows (81% to hit)
The bolt of acid hits the centaur warrior!
The acid corrodes the centaur warrior!
The centaur warrior is moderately wounded.
The centaur warrior hits you. The centaur warrior kicks you.
The orc priest calls down the wrath of Beogh upon you.
Pain shoots through your body! The centaur warrior hits you.
The centaur warrior closely misses you.
Unknown command.
Aiming: Corrosive Bolt
Press: ? - help, Shift-Dir - straight line, f/p - centaur warrior
Aim: a centaur warrior, quivering arrows (moderately wounded, covered in acid, 81% to hit)
The bolt of acid hits the centaur warrior!!
The centaur warrior seems to be corroded for longer.
The centaur warrior is heavily wounded.
The now-empty wand crumbles to dust.
The centaur warrior hits you. The centaur warrior kicks you.
The orc priest calls down the wrath of Beogh upon you.
Beogh smites you!
Unknown command.
Unknown command.
The centaur warrior wields a +0 longbow.
The centaur warrior shoots an arrow.
The arrow hits you.
Casting: Magic Dart (safe; 1% risk of failure)
Confirm with . or Enter, or press ? or * to list all spells.
Aiming: Searing Ray (safe; 1% risk of failure)
Press: ? - help, Shift-Dir - straight line, f/p - centaur warrior
Aim: a centaur warrior, wielding a +0 longbow and quivering arrows (heavily wounded, covered in acid, 87% to hit)
The searing ray hits the orc priest!
The orc priest is heavily wounded.
The searing ray hits the centaur warrior!
The centaur warrior is severely wounded. (Press . to maintain the ray.)
The centaur warrior shoots an arrow.
The arrow hits you!!!
Ouch! That really hurt!
You die...

####.##).........#
#......)##########
#.##.##.########
####.##.##........#
#.......##........# #
#.#...#.##........# #
#..#..............# #
#..#.#..###.......# #
#.[#@#..###....<..# #
#.#..o#[..........# #
#....c..####.###.## #
####.##.####.###.# # ###
#.......#.....####
##.#####)##.##.########.#
##...#.....#........# #...
##
##...................####.#
.##
#...........###.......###.#


You could see a centaur warrior (corroded) and an orc priest.

Vanquished Creatures
  Erica (D:8)
  Maggie (D:6)
  Prince Ribbit (D:6)
  Grinder (D:3)
  2 steam dragons
  2 wargs (D:8)
  2 water moccasins
  A sky beast (D:8)
  An orc warrior (D:6)
  An ice beast (D:7)
  2 necrophages
  6 ogres
  A phantom (D:6)
  Blork the orc (D:6)
  2 bullfrogs
  A scorpion (D:4)
  A water moccasin zombie (D:5)
  A water moccasin skeleton (D:6)
  4 wights (D:8)
  3 centaur zombies
  3 jellies
  4 hounds
  4 orc priests
  Terence (D:2)
  3 orc wizards (D:8)
  A scorpion zombie (D:5)
  A howler monkey zombie (D:7)
  2 howler monkey skeletons
  3 gnolls (D:5)
  8 adders
  A shadow imp (D:7)
  An ufetubus (D:6)
  An adder zombie (D:5)
  An adder skeleton (D:4)
  3 worms
  4 dart slugs
  22 orcs
  8 endoplasms
  4 goblins
  9 hobgoblins
  2 jackals (D:2)
  6 kobolds
  2 quokkas
  8 ball pythons
  10 bats
  8 rats
155 creatures vanquished.

Vanquished Creatures (others)
  227 foxfires
227 creatures vanquished.

Grand Total: 382 creatures vanquished

Notes
Turn   | Place    | Note
-------+----------+-------------------------------------------
     0 | D:1      | quinnr the Octopode Conjurer began the quest for the Orb.
     0 | D:1      | Reached XP level 1. HP: 11/11 MP: 3/3
     2 | D:1      | Noticed a gargoyle
     2 | D:1      | Noticed an octopode
     4 | D:1      | Noticed a ghoul
     4 | D:1      | Noticed a demonspawn
     6 | D:1      | Noticed a formicid
     6 | D:1      | Noticed a dwarf
     8 | D:1      | Noticed a demigod
     8 | D:1      | Noticed an ogre
    10 | D:1      | Noticed a merfolk
    10 | D:1      | Noticed a human
    12 | D:1      | Noticed an elf
    12 | D:1      | Noticed a palentonga
    14 | D:1      | Noticed a vampire
    14 | D:1      | Noticed a djinni
    16 | D:1      | Noticed a barachi
    18 | D:1      | Noticed a naga
    18 | D:1      | Noticed a minotaur
    20 | D:1      | Noticed a draconian
    20 | D:1      | Noticed a felid
    24 | D:1      | Noticed a vine stalker
    24 | D:1      | Noticed a troll
    26 | D:1      | Noticed a spriggan
    26 | D:1      | Noticed a tengu
    37 | D:1      | Found Zigo's General Store.
   369 | D:1      | Reached XP level 2. HP: 17/17 MP: 0/5
   997 | D:1      | Reached XP level 3. HP: 21/21 MP: 2/6
  1317 | D:2      | Reached skill level 5 in Conjurations
  1464 | D:2      | Learned a level 3 spell: Conjure Flame
  1466 | D:2      | Learned a level 1 spell: Foxfire
  1825 | D:2      | Reached XP level 4. HP: 23/27 MP: 0/7
  1904 | D:2      | Noticed Terence
  1911 | D:2      | Killed Terence
  2236 | D:2      | Found a basalt altar of Yredelemnul.
  2265 | D:2      | Found a faded altar of an unknown god.
  2440 | D:3      | Found a transporter.
  2458 | D:3      | Noticed Grinder
  2462 | D:3      | Paralysed by Grinder for 4 turns
  2825 | D:4      | Reached skill level 1 in Fire Magic
  2927 | D:4      | Reached XP level 5. HP: 32/32 MP: 1/8
  2940 | D:4      | Reached skill level 1 in Fighting
  3336 | D:5      | Entered Level 5 of the Dungeon
  3578 | D:5      | Reached XP level 6. HP: 25/38 MP: 6/10
  3703 | D:5      | Found Wiorirgh's Weapon Boutique.
  3716 | D:5      | Found Zezam's General Store.
  3722 | D:5      | Bought a potion of heal wounds for 65 gold pieces
  3722 | D:5      | Bought 3 potions of degeneration for 39 gold pieces
  3806 | D:5      | Found Qouc's General Store.
  4047 | D:5      | Reached XP level 7. HP: 30/43 MP: 1/11
  4239 | D:5      | Reached skill level 1 in Evocations
  4458 | D:5      | Found Baeqenom's Magic Scroll Shop.
  4660 | D:6      | Noticed Maggie
  4666 | D:6      | Learned a level 3 spell: Dazzling Flash
  4954 | D:6      | Reached XP level 8. HP: 40/48 MP: 9/13
  5104 | D:6      | Noticed Blork the orc
  5131 | D:6      | Killed Blork the orc
  5274 | D:6      | Reached skill level 1 in Hexes
  5308 | D:6      | Killed Maggie
  5316 | D:6      | Reached skill level 5 in Stealth
  5655 | D:6      | Reached skill level 5 in Fire Magic
  5831 | D:6      | Noticed Prince Ribbit
  5837 | D:6      | Killed Prince Ribbit
  5838 | D:6      | Reached XP level 9. HP: 34/53 MP: 13/15
  6359 | D:5      | Bought a scroll of identify for 26 gold pieces
  6928 | D:7      | Reached skill level 5 in Dodging
  7024 | D:7      | Found a staircase to the Ecumenical Temple.
  7191 | Temple   | Entered the Ecumenical Temple
  7850 | Temple   | Became a worshipper of Vehumet
  8231 | D:3      | Learned a level 2 spell: Searing Ray
  8232 | D:3      | Found a transporter.
  8368 | D:3      | Killed Grinder
 10012 | D:8      | Found Ycohuni's Jewellery Shoppe.
 10137 | D:8      | Bought a ring of magical power for 220 gold pieces
 10147 | D:8      | Noticed Erica
 10155 | D:8      | Killed Erica
 10156 | D:8      | Reached skill level 5 in Spellcasting
 10156 | D:8      | Reached XP level 10. HP: 10/60 MP: 11/17
 10888 | D:8      | Found a staircase to the Lair.
 11029 | D:8      | Found a sparkling altar of Nemelex Xobeh.
 11536 | D:9      | Noticed a centaur warrior
 11542 | D:8      | Shot with an arrow by a centaur warrior

Illustrated notes

Levels and vault maps discovered:
D:1:      kb_arrival_jail, layout_rooms, serial_shops, shop, glass_columns_a,
          minmay_tripent
D:2:      layout_basic, basic_altar, dreamdust_ecumenical_altar_statues,
          kennysheep_generic_room_11, uniq_terence
D:3:      gammafunk_steamed_eel, layout_loops_ring, uniq_grinder
D:4:      layout_cave_pools
D:5:      layout_gridville, serial_shops, nicolae_shop_waterfront, shop,
          nicolae_take_the_stairs, shop_fountains,
          amcnicky_mini_corridor_feature
D:6:      layout_loops_ring, minmay_fractal_squares_gapless_5,
          uniq_blork_the_orc, uniq_maggie, uniq_prince_ribbit1
D:7:      layout_gridville, minmay_temple_entry_sparse_star
D:8:      layout_loops_cross, mainiacjoe_overflow_tiny_flanked,
          erik_lair_orcish_takeover, serial_shops, shop, uniq_erica
D:9:      layout_gridville, enter_bailey_5
Temple:   nicolae_temple_the_god_donut

Skill      XL: |  1  2  3  4  5  6  7  8  9 10 |
---------------+-------------------------------+-----
Conjurations   | 5 6 8 |  8.9
Stealth        | 3 4 5 6 |  6.0
Fire Magic     | 1 3 4 5 |  5.0
Fighting       | 1 2 |  2.0
Dodging        | 3 4 7 8 |  8.0
Spellcasting   | 3 4 5 |  5.0
Evocations     | 2 3 4 |  4.0
Hexes          | 2 3 |  3.0

Action                   |  1- 3 |  4- 6 |  7- 9 | 10-12 || total
-------------------------+-------+-------+-------+-------++-------
Melee: Unarmed           |     4 |    26 |    18 |     4 ||    52
       Constrict         |     2 |     7 |     3 |       ||    12
       Tentacles         |       |     5 |     3 |     1 ||     9
 Cast: Magic Dart        |    73 |    88 |   140 |    41 ||   342
       Foxfire           |       |    32 |    90 |    10 ||   132
       Conjure Flame     |       |       |     5 |     1 ||     6
       Dazzling Flash    |       |       |     5 |       ||     5
       Searing Ray       |       |       |     3 |     6 ||     9
Evoke: Wand              |       |       |    18 |    13 ||    31
  Use: Scroll            |       |       |     3 |       ||     3
       Potion            |       |       |     1 |       ||     1
Armor: Skin              |     1 |     2 |     5 |     2 ||    10
Dodge: Dodged            |     8 |    30 |    51 |    17 ||   106

Table legend: (Time is in decaauts)
 A = Elapsed time spent in this place.
 B = Non-inter-level travel time spent in this place.
 C = Inter-level travel time spent in this place.
 D = Time resting spent in this place.
 E = Time spent auto-exploring this place.
 F = Levels seen in this place.
 G = Mean time per level.
                   A        B        C        D        E       F      G
               +--------+--------+--------+--------+--------+-----+--------+
         Total |  11553 |  10942 |    611 |   1678 |   7916 |  10 | 1155.3 |
       Dungeon |  10883 |  10326 |    557 |   1678 |   7316 |   9 | 1209.2 |
        Temple |    670 |    616 |     54 |      0 |    600 |   1 |  670.0 |
               +--------+--------+--------+--------+--------+-----+--------+

Top non-repeatable levels by time:
     D:6: 1964 daAuts
     D:7: 1943 daAuts
     D:8: 1394 daAuts
     D:2: 1234 daAuts
     D:1: 1207 daAuts
     D:5: 1106 daAuts
     D:3: 1063 daAuts
     D:4: 967 daAuts
  Temple: 670 daAuts
     D:9: 1 daAuts
